Map: Waterfall

Players

MattBarry

  • Race: Zerg Zerg
  • League: Gold
  • Spawn Location: 7:00

Emur - Winner!

  • Race: Zerg Zerg
  • League: Gold
  • Spawn Location: 1:00

VOD

Have the link to the VOD?

Description

Time

  • Played on: Jan. 21, 2023, 2:11 a.m.
  • Length: 16:24
Show
View Real Time Build Order
Export as new Build Order

MattBarry Zerg 

Build Orders: Pool First 

Get SALT Encoding   

  12  0:00  Drone  
  13  0:12  Overlord  
  13  0:17  Drone  
  14  0:34  Spawning Pool  
  13  0:37  Drone  
  13  0:40  Extractor  
  13  0:43  Drone  
  13  0:48  Drone  
  15  1:08  Drone  
  16  1:21  Zergling x4  
  16  1:22  Zergling x2  
  19  1:35  Hatchery  
  18  1:40  Metabolic Boost  
  18  1:43  Zergling x2  
  19  1:55  Queen  
  19  2:00  Drone  
  22  2:08  Overlord  
  22  2:26  Zergling x2  
  22  2:27  Zergling x4  
  25  2:50  Zergling x6  
  28  2:58  Queen  
  28  3:00  Drone  
  28  3:01  Drone  
  32  3:20  Drone x3  
  26  3:41  Zergling x10  
  30  3:54  Zergling x8  
  34  3:57  Spine Crawler  
  34  3:59  Queen  
  34  4:01  Spine Crawler  
  34  4:03  Spine Crawler  
  32  4:11  Zergling x2  
  32  4:12  Zergling x2  
  34  4:17  Drone x2  
  34  4:29  Drone  
  34  4:30  Drone x2  
  36  4:34  Baneling Nest  
  35  4:41  Evolution Chamber  
  35  4:45  Drone x2  
  36  4:47  Overlord  
  36  4:50  Extractor  
  36  4:56  Overlord  
  36  5:06  Evolution Chamber  
  35  5:10  Roach Warren  
  35  5:13  Queen  
  36  5:16  Drone x2  
  36  5:17  Zergling x4  
  36  5:20  Drone  
  41  5:31  Queen  
  43  5:37  Drone x3  
  43  5:39  Drone  
  47  5:47  Overlord  
  47  5:58  Drone x5  
  47  6:03  Extractor  
  50  6:31  Roach x4, Overlord  
  50  6:32  Overlord  
  58  6:34  Lair  
  58  6:38  Zerg Melee Weapons Level 1  
  58  6:39  Drone  
  59  6:53  Drone x2  
  61  6:55  Drone x3, Overlord x2  
  61  6:56  Roach x2  
  61  7:01  Overlord  
  65  7:24  Roach x5  
  74  7:43  Roach x3  
  77  7:45  Zergling x4  
  79  7:57  Drone  
  79  7:58  Evolution Chamber  
  79  8:00  Extractor  
  78  8:10  Ravager  
  78  8:11  Hatchery  
  78  8:14  Ravager  
  79  8:26  Extractor  
  78  8:29  Overlord x2  
  78  8:37  Zerg Ground Armor Level 1  
  78  8:48  Glial Reconstitution  
  78  8:51  Drone x8  
  85  9:14  Roach x5  
  93  9:23  Roach x2  
  93  9:24  Roach  
  97  9:28  Queen  
  99  9:41  Drone, Overlord  
  99  9:42  Overlord  
  99  9:43  Zergling x6  
  103  9:53  Hatchery  
  103  9:54  Zerg Melee Weapons Level 2  
  103  9:57  Hatchery  
  102  10:14  Drone x2  
  102  10:15  Roach x3  
  102  10:16  Roach x3  
  115  10:23  Spire  
  115  10:26  Hydralisk Den  
  115  10:28  Hydralisk Den  
  101  10:31  Zerg Missile Weapons Level 1  
  101  10:33  Zergling x12  
  107  10:49  Overlord  
  107  10:54  Roach x7  
  107  10:56  Overlord x2  
  121  11:02  Grooved Spines  
  121  11:05  Muscular Augments  
  121  11:13  Drone  
  121  11:14  Drone x2  
  124  11:36  Roach x13  
  150  11:48  Overlord  
  150  11:49  Overlord  
  150  11:50  Overlord  
  150  11:56  Spine Crawler  
  149  12:03  Tunneling Claws  
  149  12:06  Queen  
  151  12:11  Infestation Pit  
  143  12:27  Zergling x10  
  143  12:28  Zergling x18  
  143  12:29  Zergling x2  
  105  12:45  Zergling x16  
  111  12:54  Roach x3  
  64  13:41  Roach x7  
  72  13:42  Roach x5  
  72  13:43  Zerg Missile Weapons Level 2  
  72  13:45  Zerg Ground Armor Level 2  
  80  13:49  Centrifugal Hooks  
  80  13:53  Zergling x8  
  84  14:06  Roach x3  
  84  14:07  Roach  
  91  14:11  Zergling x2  
  91  14:12  Zergling x2  
  91  14:23  Zergling x12  
  86  14:33  Zergling x8  
  90  14:50  Baneling x4  
  90  14:52  Baneling  
  90  14:54  Roach x4  
  86  15:15  Overseer  
  86  15:17  Overseer  
  86  15:20  Roach x6  
  85  15:33  Roach  
  85  15:34  Roach x3  
  66  15:54  Zergling x8  
Show
View Real Time Build Order
Export as new Build Order

Emur Zerg - Winner!

Build Orders: Pool First, Lurkers 

Get SALT Encoding   

  12  0:02  Drone  
  13  0:12  Overlord  
  13  0:19  Drone  
  14  0:41  Drone x3  
  17  0:52  Drone  
  17  0:55  Spawning Pool  
  17  1:03  Drone  
  18  1:16  Hatchery  
  17  1:25  Extractor  
  16  1:27  Drone x2  
  18  1:35  Drone  
  19  1:45  Queen  
  21  1:48  Overlord  
  21  1:59  Drone  
  22  2:14  Zergling x2  
  23  2:19  Zergling x2  
  24  2:31  Metabolic Boost  
  24  2:39  Spine Crawler  
  24  2:43  Zergling x4  
  25  2:49  Overlord  
  25  2:50  Overlord  
  25  3:11  Zergling x2  
  25  3:12  Zergling x4  
  28  3:18  Queen  
  30  3:29  Roach Warren  
  27  3:47  Drone  
  27  3:54  Queen  
  29  4:08  Hatchery  
  28  4:29  Queen  
  30  4:40  Drone  
  31  4:46  Zergling x4  
  31  4:52  Roach x3  
  39  5:07  Extractor  
  38  5:23  Drone x4  
  42  5:29  Drone  
  43  5:42  Drone x3  
  46  5:43  Drone x3  
  49  5:54  Spine Crawler  
  48  6:03  Drone  
  49  6:05  Drone x2  
  49  6:07  Overlord x2  
  49  6:08  Overlord  
  51  6:33  Roach  
  51  6:37  Evolution Chamber  
  50  6:41  Lair, Evolution Chamber  
  49  6:50  Ravager  
  49  6:57  Drone  
  49  6:58  Drone x11  
  61  7:36  Extractor  
  58  7:49  Extractor  
  57  7:56  Hydralisk Den  
  56  8:01  Spine Crawler  
  56  8:04  Roach  
  56  8:05  Roach x8  
  73  8:09  Zerg Missile Weapons Level 1  
  73  8:11  Zerg Ground Armor Level 1  
  73  8:23  Queen  
  73  8:26  Overlord x2  
  75  8:27  Overlord  
  75  8:33  Grooved Spines  
  75  8:44  Queen  
  75  8:47  Hatchery  
  76  8:58  Queen  
  74  9:19  Queen  
  75  9:27  Drone  
  75  9:28  Drone x2  
  75  9:29  Drone x3  
  81  9:34  Queen  
  81  9:35  Glial Reconstitution  
  81  9:37  Hydralisk x3  
  81  9:38  Hydralisk x5  
  97  9:44  Muscular Augments  
  99  9:57  Hatchery  
  98  10:05  Zerg Missile Weapons Level 2  
  94  10:43  Drone  
  95  10:56  Hydralisk, Hatchery  
  94  10:57  Hydralisk x2  
  94  11:01  Overlord x3  
  94  11:02  Hatchery  
  99  11:05  Drone  
  100  11:35  Queen  
  102  11:55  Lurker Den  
  102  12:00  Infestation Pit  
  100  12:04  Zerg Ground Armor Level 2  
  100  12:05  Hydralisk x4  
  100  12:06  Hydralisk x8  
  123  12:26  Overlord x4  
  123  12:27  Overlord  
  86  12:47  Hatchery  
  86  12:48  Hydralisk x8  
  86  12:49  Hydralisk x4  
  71  13:42  Hive  
  71  13:48  Roach x7  
  71  13:49  Roach x4  
  89  14:44  Lurker  
  90  14:46  Lurker x4  
  90  14:47  Lurker  
  90  14:49  Hydralisk x2  
  87  15:35  Hydralisk x6  
Tags
 
Composition
Lurkers
League
GoldGold
Matchup
ZvZ
Race
Zerg
Replay Pack
Multiplayer
Spawn Locations
Cross Positions
Add a new tag
Caveats
  • Supply blocks, unpowered buildings, or Contaminate may cause inaccurate times.
  • Supply counts are checked every 10 seconds.